cohdb
Replays
Latest Replays
All Replays
Popular Replays
Top Player Replays
Match Explorer
How It Works
Community
CoH3 Stats
Reddit
Sign in to upload your games and track your stats! →
Sign in with Steam
Match 42220608
Unlisted
Match 42220608
Overview
Messages
Build Orders
End
Kradschützen Motorcycle Team
Selects Italian Infantry
Panzergrenadier Squad
250 Light Carrier
Construct Light Support Kompanie
Panzerjäger Squad
Combat Half-tracks
2.5-tonne Medical Truck
Selects Defensive Operations
Fire Support Elements
Assault Mechanized Group
Pak 38 Anti-tank Gun Team
Selects Guastatori Squad
Guastatori Squad
Construct Panzerarmee Kommand
Guastatori Squad
Selects Registered Artillery
Selects Towed Cannone da 105/28 Field Howitzer
Flak 36 Anti-tank Gun Team
Panzer III L Medium Tank
Emergency Repair Kits
Selects Prepared Positions
Selects Obice 305mm Barrage
be4rd3d_s4murai
Bootyquake
0
0
Comments
sign in to comment!
No comments posted yet!